 Dungeon Crawl Stone Soup version 0.28-a0-1520-gc3277d3759 (webtiles) character file.

Game seed: 117950012931173747

383 esteth the Magician (level 6, -1/44 HPs)
             Began as a Gnoll Hedge Wizard on Jan 17, 2022.
             Was an Initiate of Okawaru.
             Slain by a wyvern zombie (15 damage)
             ... on level 5 of the Dungeon.
             The game lasted 00:11:29 (6967 turns).

esteth the Magician (Gnoll Hedge Wizard)            Turns: 6967, Time: 00:11:30

Health: -1/44      AC:  3    Str: 10    XL:     6   Next: 76%
Magic:  12/16      EV: 18    Int: 15    God:    Okawaru [......]
Gold:   153        SH:  0    Dex: 17    Spells: 11/19 levels left

rFire   . . .      SeeInvis .   o - +2 hand axe (vorpal)
rCold   . . .      Faith    .   (no shield)
rNeg    . . .      Spirit   .   b - +0 robe
rPois   .          Reflect  .   c - +0 hat
rElec   .          Harm     .   r - +0 cloak
rCorr   .          Rampage  .   (no gloves)
Will    .....                   (no boots)
Stlth   +++.......              (no amulet)
HPRegen 0.14/turn               y - +6 ring of dexterity
MPRegen 0.15/turn               i - +4 ring of evasion

@: no status effects
A: fangs 1, strong nose, distributed training
a: Renounce Religion


You were on level 5 of the Dungeon.
You worshipped Okawaru.
Okawaru was noncommittal.
You visited 2 branches of the dungeon, and saw 6 of its levels.

You collected 153 gold pieces.

Inventory:

Hand Weapons
 a - a +0 dagger
 d - a +1 whip of draining
 o - a +2 vorpal hand axe (weapon)
Armour
 b - a +0 robe (worn)
 c - a +0 hat (worn)
 r - a +0 cloak (worn)
Jewellery
 i - a +4 ring of evasion (right hand)
 w - a +6 ring of dexterity
 y - a +6 ring of dexterity (left hand)
Scrolls
 e - a scroll of fog {unknown}
 f - 2 scrolls of blinking {unknown}
 g - 2 scrolls of brand weapon {unknown}
 h - a scroll of immolation {unknown}
 k - a scroll of amnesia {unknown}
 l - 5 scrolls of identify {unknown}
 m - 2 scrolls of vulnerability {unknown}
 n - a scroll of enchant weapon {unknown}
 u - a scroll of noise {unknown}
 v - a scroll of torment {unknown}
 z - a scroll of fear {unknown}
Potions
 j - a potion of brilliance {unknown}
 p - a potion of invisibility {unknown}
 q - a potion of cancellation {unknown}
 s - a potion of lignification {unknown}
 t - a potion of magic {unknown}
 x - a potion of degeneration {unknown}
 A - a potion of curing


   Skills:
 + Level 2.1 Fighting
 + Level 2.1 Short Blades
 + Level 2.1 Long Blades
 + Level 2.1 Axes
 + Level 2.1 Maces & Flails
 + Level 2.1 Polearms
 + Level 2.1 Staves
 + Level 2.1 Slings
 + Level 2.1 Bows
 + Level 2.1 Crossbows
 + Level 2.1 Throwing
 + Level 2.1 Armour
 + Level 5.0 Dodging
 + Level 4.7 Stealth
 + Level 2.1 Shields
 + Level 2.1 Unarmed Combat
 + Level 7.4 Spellcasting
 + Level 2.7 Conjurations
 + Level 1.6 Hexes
 + Level 2.7 Summonings
 + Level 1.6 Necromancy
 + Level 2.7 Translocations
 + Level 1.6 Transmutations
 + Level 1.6 Fire Magic
 + Level 1.6 Ice Magic
 + Level 1.6 Air Magic
 + Level 1.6 Earth Magic
 + Level 1.6 Poison Magic
 + Level 2.3 Invocations
 + Level 2.1 Evocations


You had 11 spell levels left.
You knew the following spells:

 Your Spells              Type           Power      Damage    Failure   Level
a - Magic Dart            Conj           52%        1d5       4%          1
b - Blink                 Tloc           26%        N/A       6%          2
c - Call Imp              Summ           13%        N/A       6%          2
d - Mephitic Cloud        Conj/Pois/Air  11%        N/A       17%         3

Your spell library contained the following spells:

 Spells                   Type           Power      Damage    Failure   Level
 Slow                     Hex            40%        N/A       6%          1
 Ensorcelled Hibernation  Hex/Ice        20%        N/A       10%         2
 Passwall                 Tmut/Erth      8%         N/A       10%         2
 Conjure Flame            Conj/Fire      12%        6-21      16%         3
 Swiftness                Air            10%        N/A       19%         3
 Blade Hands              Tmut           5%         N/A       87%         5
 Iron Shot                Conj/Erth      6%         9d2       100%        6
 Animate Armour           Summ/Erth      Unusable   N/A       N/A         4

Dungeon Overview and Level Annotations

Branches:
Dungeon (5/15)             Temple (1/1) D:5

Altars:
Ashenzari
Cheibriados
Dithmenos
Elyvilon
Fedhas
Gozag
Hepliaklqana
Kikubaaqudgha
Makhleb
Nemelex Xobeh
Okawaru
Qazlal
Ru
Sif Muna
Uskayaw
Vehumet
Wu Jian
Xom
Yredelemnul
Zin
The Shining One

Annotations:
D:1 exclusion: downstairs
D:2 1 runed translucent door, Crazy Yiuf
D:3 exclusion: downstairs


Innate Abilities, Weirdness & Mutations

You have very sharp teeth.
Your uncanny sense of smell can sniff out nearby items.
Your experience applies equally to all skills.


Message History

The magic dart hits the wyvern zombie.
The wyvern zombie is lightly damaged.
The wyvern zombie completely misses you.
Casting: Magic Dart (safe; 4% risk of failure)
Confirm with . or Enter, or press ? or * to list all spells.
Aiming: Magic Dart (safe; 4% risk of failure)
Press: ? - help, Shift-Dir - straight line, f/p - wyvern zombie
Aim: a wyvern zombie (lightly damaged, 100% to hit)
The magic dart hits the wyvern zombie but does no damage.
The wyvern zombie is lightly damaged.
The wyvern zombie bites you.
You hit the wyvern zombie but do no damage.
The wyvern zombie is lightly damaged.
The wyvern zombie barely misses you. x2
You slash the wyvern zombie!
You bite the wyvern zombie, but do no damage.
The wyvern zombie is moderately damaged.
You feel stable enough to blink again.
The wyvern zombie completely misses you.
You hit the wyvern zombie.
The wyvern zombie is heavily damaged.
The wyvern zombie completely misses you.
The wyvern zombie bites you.
You hit the wyvern zombie.
The wyvern zombie is heavily damaged.
The wyvern zombie completely misses you.
You hit the wyvern zombie.
The wyvern zombie is heavily damaged.
The wyvern zombie completely misses you.
The wyvern zombie bites you.
You barely miss the wyvern zombie.
The wyvern zombie is heavily damaged.
The wyvern zombie barely misses you. x2
You hit the wyvern zombie but do no damage.
The wyvern zombie is heavily damaged.
The wyvern zombie barely misses you.
You hit the wyvern zombie.
The wyvern zombie is severely damaged.
The wyvern zombie bites you! x2
You die...

#........#.# ### #.#
##..####.#.###.## #.#
#..####.#.##.#.###.#
...........#.###....#
###..####.####.#.#####
∆ #.# ##.## #.# #.#
#.#####.# #...Z@..#
#########


You could see a wyvern zombie.

Vanquished Creatures
  An ogre (D:4)
  A bullfrog skeleton (D:5)
  Terence (D:2)
  A hound skeleton (D:4)
  A howler monkey skeleton (D:4)
  2 gnolls (D:4)
  6 adders
  A worm (D:2)
  2 dart slugs
  5 orcs
  8 ball pythons
  8 endoplasms
  5 giant cockroaches
  10 goblins
  4 hobgoblins
  2 quokkas
  4 bats
  7 kobolds
  5 rats
  A bush (D:4)
75 creatures vanquished.

Vanquished Creatures (collateral kills)
  A scorpion (D:4)
  A gnoll (D:4)
  An orc (D:4)
3 creatures vanquished.

Vanquished Creatures (others)
  A bush (D:4)
1 creature vanquished.

Grand Total: 79 creatures vanquished

Notes
Turn   | Place    | Note
-------+----------+-------------------------------------------
     0 | D:1      | esteth the Gnoll Hedge Wizard began the quest for the Orb.
     0 | D:1      | Reached XP level 1. HP: 13/13 MP: 8/8
   324 | D:1      | Reached XP level 2. HP: 7/19 MP: 5/10
   590 | D:1      | Found a faded altar of an unknown god.
  1041 | D:1      | Reached XP level 3. HP: 10/25 MP: 11/11
  1243 | D:1      | Learned a level 2 spell: Blink
  1246 | D:1      | Learned a level 2 spell: Call Imp
  1628 | D:2      | Reached skill level 1 in Invocations
  1798 | D:2      | Reached skill level 1 in Fighting
  1798 | D:2      | Reached skill level 1 in Short Blades
  1798 | D:2      | Reached skill level 1 in Long Blades
  1798 | D:2      | Reached skill level 1 in Axes
  1798 | D:2      | Reached skill level 1 in Maces & Flails
  1798 | D:2      | Reached skill level 1 in Polearms
  1798 | D:2      | Reached skill level 1 in Staves
  1798 | D:2      | Reached skill level 1 in Slings
  1798 | D:2      | Reached skill level 1 in Bows
  1798 | D:2      | Reached skill level 1 in Crossbows
  1798 | D:2      | Reached skill level 1 in Throwing
  1798 | D:2      | Reached skill level 1 in Armour
  1798 | D:2      | Reached skill level 1 in Shields
  1798 | D:2      | Reached skill level 1 in Unarmed Combat
  1798 | D:2      | Reached skill level 1 in Evocations
  1798 | D:2      | Reached XP level 4. HP: 12/32 MP: 8/13
  2050 | D:2      | Noticed Terence
  2078 | D:2      | HP: 1/32 [Terence (1)]
  2656 | D:2      | Killed Terence
  2657 | D:2      | Reached skill level 1 in Hexes
  2657 | D:2      | Reached skill level 1 in Necromancy
  2657 | D:2      | Reached skill level 1 in Transmutations
  2657 | D:2      | Reached skill level 1 in Fire Magic
  2657 | D:2      | Reached skill level 1 in Ice Magic
  2657 | D:2      | Reached skill level 1 in Air Magic
  2657 | D:2      | Reached skill level 1 in Earth Magic
  2657 | D:2      | Reached skill level 1 in Poison Magic
  3072 | D:2      | Found a runed translucent door.
  3073 | D:2      | Noticed Crazy Yiuf
  3488 | D:3      | Reached XP level 5. HP: 33/37 MP: 14/14
  4133 | D:4      | Noticed an ogre
  4143 | D:4      | Killed an ogre
  4582 | D:4      | Reached XP level 6. HP: 37/44 MP: 16/16
  4856 | D:4      | Noticed an orc warrior
  5529 | D:4      | Reached skill level 5 in Dodging
  6138 | D:4      | Learned a level 3 spell: Mephitic Cloud
  6381 | D:5      | Entered Level 5 of the Dungeon
  6390 | D:5      | Found a staircase to the Ecumenical Temple.
  6401 | Temple   | Entered the Ecumenical Temple
  6797 | Temple   | Became a worshipper of Warmaster Okawaru
  6967 | D:5      | Slain by a wyvern zombie

Illustrated notes

Levels and vault maps discovered:
D:1:      eino_arrival_cavern_b, layout_basic, basic_ecumenical_altar
D:2:      layout_rooms, st_stairs_12, uniq_crazy_yiuf_cottage, uniq_terence
D:3:      layout_loops_ring
D:4:      layout_basic, minmay_hedge_maze, minmay_tree_intersection,
          ebering_dispersal_statue_hall
D:5:      layout_loops_ring, minmay_temple_entry_glassed_door,
          nicolae_take_the_stairs
Temple:   mainiacjoe_temple_trianglar_array

Skill      XL: |  1  2  3  4  5  6 |
---------------+-------------------+-----
Conjurations   | 2 |  2.7
Summonings     | 2 |  2.7
Translocations | 2 |  2.7
Invocations    | 1 2 |  2.3
Fighting       | 1 2 |  2.1
Short Blades   | 1 2 |  2.1
Long Blades    | 1 2 |  2.1
Axes           | 1 2 |  2.1
Maces & Flails | 1 2 |  2.1
Polearms       | 1 2 |  2.1
Staves         | 1 2 |  2.1
Slings         | 1 2 |  2.1
Bows           | 1 2 |  2.1
Crossbows      | 1 2 |  2.1
Throwing       | 1 2 |  2.1
Armour         | 1 2 |  2.1
Shields        | 1 2 |  2.1
Unarmed Combat | 1 2 |  2.1
Evocations     | 1 2 |  2.1
Hexes          | 1 |  1.6
Necromancy     | 1 |  1.6
Transmutations | 1 |  1.6
Fire Magic     | 1 |  1.6
Ice Magic      | 1 |  1.6
Air Magic      | 1 |  1.6
Earth Magic    | 1 |  1.6
Poison Magic   | 1 |  1.6
Dodging        | 5 |  5.0
Stealth        | |  4.7
Spellcasting   | |  7.4

Action                   |  1- 3 |  4- 6 || total
-------------------------+-------+-------++-------
Melee: Whip              |    81 |    37 ||   118
       Dagger            |     6 |       ||     6
       Bite              |     7 |    22 ||    29
       Hand axe          |       |   169 ||   169
       Punch             |       |     3 ||     3
 Cast: Magic Dart        |    29 |    40 ||    69
       Call Imp          |       |     7 ||     7
       Blink             |       |     8 ||     8
  Use: Potion            |     1 |     4 ||     5
 Stab: Sleeping          |     4 |     9 ||    13
Armor: Robe              |    27 |    11 ||    38
Dodge: Dodged            |    80 |   124 ||   204

Table legend: (Time is in decaauts)
 A = Elapsed time spent in this place.
 B = Non-inter-level travel time spent in this place.
 C = Inter-level travel time spent in this place.
 D = Time resting spent in this place.
 E = Time spent auto-exploring this place.
 F = Levels seen in this place.
 G = Mean time per level.
                   A        B        C        D        E       F      G
               +--------+--------+--------+--------+--------+-----+--------+
         Total |   7009 |   6665 |    344 |   2660 |   3094 |   6 | 1168.2 |
       Dungeon |   6589 |   6292 |    297 |   2660 |   2723 |   5 | 1317.8 |
        Temple |    419 |    372 |     47 |      0 |    371 |   1 |  419.0 |
               +--------+--------+--------+--------+--------+-----+--------+

Top non-repeatable levels by time:
     D:4: 2396 daAuts
     D:1: 1870 daAuts
     D:2: 1468 daAuts
     D:3: 684 daAuts
  Temple: 419 daAuts
     D:5: 168 daAuts
